 Dungeon Crawl Stone Soup version 0.21-a0-404-g291f19a (webtiles) character file.

60 HAL9000 the Sneak (level 4, 0/34 HPs)
             Began as a Vine Stalker Assassin on Oct 31, 2017.
             Succumbed to an adder's poison
             ... on level 2 of the Dungeon.
             The game lasted 00:01:53 (1097 turns).

HAL9000 the Sneak (Vine Stalker Assassin)           Turns: 1097, Time: 00:01:53

Health: 0/34       AC: 22    Str: 20    XL:     4   Next: 6%
Magic:  0/5        EV:  2    Int: 11    God:
Gold:   115        SH:  0    Dex: 18    Spells: 3/3 levels left

rFire    . . .     SeeInvis .   a - +2 dagger
rCold    . . .     Gourm    .   (no shield)
rNeg     + + +     Faith    .   (armour currently unavailable)
rPois    +         Spirit   +   (helmet currently unavailable)
rElec    .         Reflect  .   (cloak currently unavailable)
rCorr    .         Harm     .   (gloves currently unavailable)
MR       .....     NoTele   +   (boots currently unavailable)
Stlth    +++.......             (no amulet)
HPRegen  0.51/turn              k - +3 ring of dexterity
MPRegen  0.09/turn              (no ring)

@: mighty, lethally poisoned (0 -> -6), tree-form
A: regeneration 1, magic shield, no potion heal 3, rot immunity
a: no special abilities


You were on level 2 of the Dungeon.
You were hungry.
You were a tree.
You visited 1 branch of the dungeon, and saw 2 of its levels.

You collected 115 gold pieces.

Inventory:

Hand Weapons
 a - a +2 dagger (weapon)
 b - a +0 blowgun
Missiles
 e - 8 poisoned needles
 f - 2 curare-tipped needles
Armour
 c - a +0 robe (melded)
 d - a +0 cloak (melded)
Jewellery
 k - a +3 ring of dexterity (left branch)
Scrolls
 i - 2 scrolls of magic mapping {unknown}
 j - a scroll of identify {unknown}
 l - a scroll of remove curse {unknown}
Comestibles
 g - a bread ration


   Skills:
 - Level 1.7 Fighting
 + Level 3.8 Short Blades
 - Level 1.7 Throwing
 - Level 0.7 Dodging
 - Level 4.8 Stealth


You had 3 spell levels left.
You didn't know any spells.

Dungeon Overview and Level Annotations

Branches:
Dungeon (2/15)

Altars:


Innate Abilities, Weirdness & Mutations

((You have extremely sharp teeth.))
Your natural rate of healing is unusually fast.
When hurt, damage is shared between your health and your magic reserves.
((Your bite disrupts and absorbs the magic of your enemies.))
Potions cannot restore your health.
You are immune to rotting.


Message History

It was a potion of lignification.
You turn into a tree.
Your +0 cloak melds into your body.
Your +0 robe melds into your body.
Your roots penetrate the ground.
* * * LOW HITPOINT WARNING * * *
You feel sick. The adder bites you but does no damage.
You miss the adder.
* * * LOW HITPOINT WARNING * * *
You feel sick. The adder bites you.
You are more poisoned.
The adder poisons you!
You puncture the adder!
The adder is almost dead.
* * * LOW HITPOINT WARNING * * *
You feel sick. The adder bites you but does no damage.
You puncture the adder!
You kill the adder!
You have reached level 4!
You feel stronger.
You begin to heal more quickly.
You die...

#.# ## #.# #. ... #.
#.# #. #.# #. #.#
#.####†#####
#^....<♣.÷.#
..####..###..........
#.......# #.###......
........# #.# ##.###
#####...# #.# # #...#
#.# ..... ..# ##....
#.# .....


There were no monsters in sight!

Vanquished Creatures
  4 adders (D:2)
  A worm (D:2)
  2 leopard geckos (D:1)
  2 goblins (D:1)
  A hobgoblin (D:1)
  4 jackals (D:1)
  A bat (D:1)
  A frilled lizard (D:1)
  4 kobolds (D:1)
  A rat (D:1)
21 creatures vanquished.

Notes
Turn   | Place    | Note
-------+----------+-------------------------------------------
     0 | D:1      | HAL9000 the Vine Stalker Assassin began the quest for the Orb.
     0 | D:1      | Reached XP level 1. HP: 11/11 MP: 2/2
   207 | D:1      | Reached XP level 2. HP: 9/15 MP: 3/3
   776 | D:2      | Reached XP level 3. HP: 18/18 MP: 4/4
  1096 | D:2      | HP: 1/27 [poisoned by an adder]
  1097 | D:2      | Gained mutation: Your natural rate of healing is unusually fast. [Vine Stalker growth]
  1097 | D:2      | Reached XP level 4. HP: 1/23 MP: 0/5
  1097 | D:2      | Succumbed to an adder's poison

Vault maps used:
D:1:      dpeg_arrival_another_circle
D:2:      first_bread, kennysheep_generic_room_13, uniq_jessica

Skill      XL: |  1  2 |
---------------+-------+-----
Short Blades   | 2 3 |  3.8
Fighting       | |  1.7
Throwing       | |  1.7
Dodging        | |  0.7
Stealth        | |  4.8

Action                   |  1- 3 |  4- 6 || total
-------------------------+-------+-------++-------
Melee: Dagger            |    66 |       ||    66
       Bite              |     7 |       ||     7
  Use: Potion            |     4 |       ||     4
 Stab: Sleeping          |     2 |       ||     2
       Distracted        |     1 |       ||     1
Armor: Robe              |    18 |       ||    18
       Skin              |     2 |       ||     2
Dodge: Dodged            |    45 |       ||    45

Table legend:
 A = Spawn XP
 B = Non-spawn XP
 C = Spawn XP percentage of total XP
 D = Spawn monster count
 E = Non-spawn monster count
 F = Spawn count percentage of total count
 G = Total turns spent on level
                    A         B        C        D         E        F      G
               +---------+---------+-------+---------+---------+-------+---------
         Total |       0 |      87 |   0.0 |       0 |      21 |   0.0 |  1097
               +---------+---------+-------+---------+---------+-------+---------
           D:1 |       0 |      29 |   0.0 |       0 |      16 |   0.0 |   774
           D:2 |       0 |      58 |   0.0 |       0 |       5 |   0.0 |   323
               +---------+---------+-------+---------+---------+-------+---------
